 Dungeon Crawl Stone Soup version 0.24-a0-292-g5c6fb1c (webtiles) character file.

Game seed: 11927390000931225636

1037 galech the Chopper (level 8, 34/61 HPs)
             Began as a Demonspawn Fighter on May 10, 2019.
             Quit the game on level 4 of the Dungeon.
             The game lasted 00:05:15 (2784 turns).

galech the Chopper (Demonspawn Fighter)             Turns: 2784, Time: 00:05:16

Health: 34/61      AC: 15    Str: 17    XL:     8   Next: 4%
Magic:  11/17      EV:  5    Int: 10    God:
Gold:   215        SH:  9    Dex: 14    Spells: 7/7 levels left

rFire    . . .     SeeInvis .   a - +0 war axe
rCold    . . .     Gourm    .   c - +0 shield
rNeg     . . .     Faith    .   o - +0 chain mail
rPois    .         Spirit   +   (no helmet)
rElec    .         Reflect  .   (no cloak)
rCorr    .         Harm     .   (no gloves)
MR       .....                  (no boots)
Stlth    ..........             (no amulet)
HPRegen  0.20/turn              h - ring of magical power
MPRegen  0.15/turn              w - +4 ring of protection

@: no status effects
A: talons 2, slimy green scales 1, demonic guardian 1, magic shield
a: no special abilities


You were on level 4 of the Dungeon.
You were hungry.

You visited 1 branch of the dungeon, and saw 4 of its levels.

You collected 215 gold pieces.

Inventory:

Hand Weapons
 a - a +0 war axe (weapon)
Armour
 c - a +0 shield (worn)
 o - a +0 chain mail (worn)
 t - a +2 robe of resistance
Jewellery
 h - a ring of magical power (left hand)
 l - a +3 ring of dexterity
 r - an uncursed ring of magical power
 w - a +4 ring of protection (right hand)
Wands
 q - a wand of polymorph (9)
Scrolls
 b - 5 scrolls of identify {unknown}
 e - 5 scrolls of noise {unknown}
 j - 2 scrolls of magic mapping {unknown}
 m - 3 scrolls of teleportation {unknown}
 s - a scroll of remove curse {unknown}
Potions
 d - a potion of might
 i - 2 potions of agility {unknown}
 k - 2 potions of curing
 n - a potion of mutation {unknown}
 p - 3 potions of flight {unknown}
 u - a potion of haste {unknown}
 v - a potion of ambrosia {unknown}
Comestibles
 f - 4 rations
 g - 4 chunks of flesh


   Skills:
 + Level 4.7 Fighting
 + Level 5.6 Axes
 + Level 5.0 Armour
 + Level 1.8 Dodging
 + Level 0.3 Stealth
 + Level 3.9 Shields


You had 7 spell levels left.
You didn't know any spells.
Your spell library was empty.

Dungeon Overview and Level Annotations

Branches:
Dungeon (4/15)
 Temple: D:4-7

Altars:
The Shining One


Innate Abilities, Weirdness & Mutations

You have razor-sharp toenails.
You are partially covered in slimy green scales. (AC +2)
A weak demonic guardian rushes to your aid.
When hurt, damage is shared between your health and your magic reserves.


Message History

No target in view!
No target in view!
No target in view!
No target in view!
No target in view!
No target in view!
No target in view!
No target in view!
No target in view!
No target in view!
Things that are here:
a +0 dagger; a +0 leather armour; 17 bolts There isn't anything to butcher here.
Things that are here:
a +0 flail; an orc corpse You butcher the orc corpse.
g - 4 chunks of flesh (gained 2)
Things that are here:
a +0 flail; an orc skeleton Are you sure you want to abandon this character and quit the game? (Confirm with "yes".)

.......#............##
........<.##.........###
.#......# #.........#..
.......#####............
.......................#
......#.####.........!#
..##....# #.........#
........####....)....#
.####......#....@)..##
.####................#
.................)..[#
.....#.##..#.##..#../#
..####.#.....#..######
.####....#.....##
.#..............#
.#.##...##...##.#
.....>.###...##.#


There were no monsters in sight!

Vanquished Creatures
  Grinder (D:4)
  A hippogriff (D:3)
  Sigmund (D:4)
  2 crimson imps
  A hound (D:4)
  2 orc wizards (D:3)
  2 orc priests (D:4)
  Natasha (D:4)
  4 worker ants (D:4)
  5 adders
  An ooze (D:1)
  3 dart slugs
  2 leopard geckos
  16 orcs
  A ball python (D:4)
  4 bats
  4 giant cockroaches
  5 goblins
  7 hobgoblins
  4 jackals (D:2)
  3 frilled lizards
  A jackal skeleton (D:4)
  11 kobolds
  A quokka skeleton (D:4)
  7 rats
90 creatures vanquished.

Notes
Turn   | Place    | Note
-------+----------+-------------------------------------------
     0 | D:1      | galech the Demonspawn Fighter began the quest for the Orb.
     0 | D:1      | Reached XP level 1. HP: 18/18 MP: 1/1
   214 | D:1      | Gained mutation: You have sharp toenails. [demonic
                  | ancestry]
   214 | D:1      | Reached XP level 2. HP: 19/24 MP: 2/2
   682 | D:2      | Gained mutation: You have razor-sharp toenails. [demonic
                  | ancestry]
   682 | D:2      | Reached XP level 3. HP: 29/29 MP: 3/3
  1030 | D:2      | Gained mutation: When hurt, damage is shared between your
                  | health and your magic reserves. [demonic ancestry]
  1030 | D:2      | Reached XP level 4. HP: 32/35 MP: 4/4
  1402 | D:3      | Noticed a hippogriff
  1411 | D:3      | Killed a hippogriff
  1411 | D:3      | Reached XP level 5. HP: 3/42 MP: 1/5
  1776 | D:3      | Gained mutation: You are partially covered in slimy green
                  | scales. (AC +2) [demonic ancestry]
  1776 | D:3      | Reached XP level 6. HP: 48/48 MP: 6/6
  2141 | D:4      | Noticed Sigmund
  2154 | D:4      | Killed Sigmund
  2154 | D:4      | Reached skill level 1 in Dodging
  2154 | D:4      | Reached XP level 7. HP: 41/54 MP: 7/7
  2179 | D:4      | Noticed Grinder
  2192 | D:4      | Paralysed by Grinder for 6 turns
  2209 | D:4      | Killed Grinder
  2209 | D:4      | Reached skill level 5 in Axes
  2666 | D:4      | Noticed Natasha
  2667 | D:4      | Found a glowing golden altar of the Shining One.
  2683 | D:4      | Killed Natasha
  2772 | D:4      | Reached skill level 5 in Armour
  2772 | D:4      | Gained mutation: A weak demonic guardian rushes to your
                  | aid. [demonic ancestry]
  2772 | D:4      | Reached XP level 8. HP: 42/61 MP: 8/8
  2784 | D:4      | Quit the game

Levels and vault maps discovered:
D:1:      saegor_arrival_simple_c, layout_basic
D:2:      layout_basic, first_ration, serial_bayou_pond_d
D:3:      layout_basic
D:4:      layout_rooms, tso_metal_star, uniq_natasha, uniq_sigmund, uniq_grinder

Skill      XL: |  1  2  3  4  5  6  7 |
---------------+----------------------+-----
Armour         | 3 4 5 |  5.0
Shields        | 3 |  3.9
Axes           | 2 3 4 5 |  5.6
Fighting       | 4 |  4.7
Dodging        | 1 |  1.8
Stealth        | |  0.3

Action                   |  1- 3 |  4- 6 |  7- 9 || total
-------------------------+-------+-------+-------++-------
Melee: War axe           |    89 |    92 |    80 ||   261
       Kick              |    11 |    22 |    26 ||    59
  Use: Potion            |       |     1 |     1 ||     2
  Eat: Chunk             |     1 |     3 |     2 ||     6
Armor: Scale mail        |    31 |       |       ||    31
       Chain mail        |    22 |    61 |    51 ||   134
Dodge: Dodged            |    24 |    15 |    22 ||    61
Block: Shield            |    37 |    51 |    38 ||   126

Table legend:
 A = Non-vault XP
 B = Vault XP
 C = Vault XP percentage of total XP
 D = Non-vault monster count
 E = Vault monster count
 F = Vault count percentage of total count
                 A         B        C        D         E       F
            +---------+---------+-------+---------+---------+-------
      Total |     909 |     573 |  38.7 |      87 |       3 |   3.3
            +---------+---------+-------+---------+---------+-------
        D:1 |      40 |       0 |   0.0 |      23 |       0 |   0.0
        D:2 |      67 |       0 |   0.0 |      23 |       0 |   0.0
        D:3 |     452 |       0 |   0.0 |      22 |       0 |   0.0
        D:4 |     350 |     573 |  62.1 |      19 |       3 |  13.6
            +---------+---------+-------+---------+---------+-------
